 Dungeon Sprint DCSS version 0.21.1-1-g345015f (webtiles) character file.

20601 Fang the Severer (level 12, -6/136 HPs)
             Began as a Gargoyle Berserker on July 8, 2018.
             Was the Champion of Trog.
             Mangled by Ignacio
             ... wielding a +6 executioner's axe of pain
              (8 damage)
             ... in the Dungeon (Sprint VII: "The Pits").
             The game lasted 00:11:30 (3109 turns).

Fang the Severer (Gargoyle Berserker)               Turns: 3109, Time: 00:11:31

Health: -6/136     AC: 26    Str: 35    XL:     12   Next: 81%
Magic:  12/12      EV: 14    Int: 18    God:    Trog [******]
Gold:   19         SH:  0    Dex:  9    Spells: 11/11 levels left

rFire    . . .     SeeInvis +   C - +4 broad axe (freeze)
rCold    . . .     Gourm    .   (no shield)
rNeg     + . .     Faith    .   F - +0 storm dragon scales
rPois    ∞         Spirit   .   y - +2 hat {SInv}
rElec    +         Reflect  .   (no cloak)
rCorr    .         Harm     .   (no gloves)
MR       .....     NoTele   +   (no boots)
Stlth    ..........             D - amulet of Waung {*Slow rPois Regen+ Str+4 Int+7}
HPRegen  0.72/turn              p - +3 ring of protection
MPRegen  0.13/turn              q - +3 ring of intelligence

@: berserking, very quick
A: negative energy resistance 1, electricity resistance, unbreathing,
petrification resistance, rot immunity, AC +8
a: Berserk, Trog's Hand, Brothers in Arms, Burn Spellbooks, Renounce Religion


You were in the Dungeon.
You worshipped Trog.
Trog was exalted by your worship.
You were very hungry.

You visited 1 branch You collected 19 gold pieces.

Inventory:

Hand Weapons
 j - a +2 hand axe
 m - a +2 hand axe of freezing
 n - a +5 battleaxe of electrocution
 o - a +5 executioner's axe of chopping
 t - the +1 broad axe of Proximity {holy, rC++ Dex-4}
   (You found it in the Dungeon)

   It has been blessed by the Shining One to cause great damage to the undead
   and demons.
   It affects your dexterity (-4).
   It greatly protects you from cold.
 x - a +4 antimagic battleaxe
 C - a +4 broad axe of freezing (weapon)
Missiles
 u - 7 silver javelins (quivered)
Armour
 y - a +2 hat of see invisible (worn)
 F - +0 storm dragon scales (worn)
Jewellery
 p - a +3 ring of protection (left hand)
 q - a +3 ring of intelligence (right hand)
 D - the amulet of Waung (around neck) {*Slow rPois Regen+ Str+4 Int+7}
   (You found it in the Dungeon)

   [amulet of regeneration]

   It affects your strength (+4).
   It affects your intelligence (+7).
   It protects you from poison.
   It increases your rate of regeneration.
   It may slow you when you take damage.
Scrolls
 i - a scroll of blinking
 k - 3 scrolls of remove curse
 l - a scroll of summoning
 v - 6 scrolls of enchant weapon
 w - 2 scrolls of enchant armour
 z - 4 scrolls of identify
 A - a scroll of fear
Potions
 a - 2 potions of invisibility
 d - 6 potions of curing
 e - 12 potions of heal wounds
 f - 4 potions of haste
 g - 4 potions of magic
 h - 7 potions of berserk rage
 r - 2 potions of resistance
 s - a potion of brilliance
 B - a potion of agility
Comestibles
 c - 7 rations


   Skills:
 + Level 17.3 Fighting
 + Level 20.1 Axes
 + Level 6.5 Armour
 + Level 11.9 Dodging
 + Level 6.9 Stealth


You had 11 spell levels left.
You didn't know any spells.

Dungeon Overview and Level Annotations

Branches:
Dungeon (1/1)

Altars:
Cheibriados
Dithmenos
Elyvilon
Fedhas
Gozag
Hepliaklqana
Makhleb
Nemelex Xobeh
Okawaru
Qazlal
Ru
Sif Muna
Trog
Vehumet
Wu Jian
Xom
Yredelemnul
Zin
The Shining One
Beogh
Jiyva
Lugonu

Annotations:
D Ignacio


Innate Abilities, Weirdness & Mutations

You are resistant to torment.
Your stone body is resilient. (AC +8)
You are immune to poison.
You resist negative energy. (rN+)
You are resistant to electric shocks. (rElec)
You can survive without breathing.
You are immune to petrification.
You are immune to rotting.


Message History

You slice Ignacio like a ripe choko!!! You freeze Ignacio.
Ignacio is heavily wounded.
Ignacio closely misses you.
Ignacio hits you with an executioner's axe of pain.
* * * LOW HITPOINT WARNING * * *
You writhe in agony.
* * * LOW HITPOINT WARNING * * *
Ignacio hits you but does no damage.
Ignacio hits you with an executioner's axe of pain.
* * * LOW HITPOINT WARNING * * *
You writhe in agony.
* * * LOW HITPOINT WARNING * * *
You barely miss Ignacio.
Ignacio is heavily wounded.
Ignacio hits you with an executioner's axe of pain!
* * * LOW HITPOINT WARNING * * *
You writhe in agony.
* * * LOW HITPOINT WARNING * * *
Ignacio hits you with an executioner's axe of pain!
You die...

#+# #.# #'#
################1#
................@#
......)).........#
+##############..#
....# #..# ....#
#..# .#### #..# ..
#..# ... #..# ....
#..#


You could see Ignacio.

Vanquished Creatures
  Gastronok (D)
  A nagaraja (D)
  A storm dragon (D)
  An orc warlord (D)
  3 death yaks (D)
  A shadow wraith (D)
  A deep troll (D)
  A flayed ghost (D)
  A deep elf mage (D)
  4 orc knights (D)
  A smoke demon (D)
  A black mamba (D)
  A molten gargoyle (D)
  2 spiny frogs (D)
  2 hellwings (D)
  A jumping spider (D)
  A troll (D)
  A snapping turtle (D)
  A flying skull (D)
  A redback (D)
  A tarantella (D)
  2 wraiths (D)
  4 yaks (D)
  2 vampire mosquitoes (D)
  A soldier ant (D)
  2 acid dragons (D)
  2 floating eyes (D)
  A swamp drake (D)
  An ice beast (D)
  A black bear (D)
  5 killer bees (D)
  5 wights (D)
  An orc priest (D)
  A gnoll shaman (D)
  An orc wizard (D)
  2 iron imps (D)
  A hell rat (D)
  A gnoll (D)
  3 adders (D)
  A river rat (D)
  An adder zombie (D)
  3 orcs (D)
  3 ball pythons (D)
  2 bat skeletons (D)
  A bat zombie (D)
  A goblin (D)
  A hobgoblin (D)
  A quokka (D)
  A bat (D)
  A kobold (D)
  A quokka skeleton (D)
81 creatures vanquished.

Vanquished Creatures (collateral kills)
  An orc warlord (D)
  A great orb of eyes (D)
  3 death yaks (D)
  A soul eater (D)
  4 orc knights (D)
  A guardian serpent (D)
  A molten gargoyle (D)
  An orange demon (D)
  An ice devil (D)
  A guardian mummy (D)
  A komodo dragon (D)
  A hippogriff (D)
  A wyvern (D)
  2 yaks (D)
  A swamp drake (D)
  6 killer bees (D)
  A quasit (D)
  A jelly (D)
  2 orc wizards (D)
  A quokka (D)
  A ball python zombie (D)
33 creatures vanquished.

Vanquished Creatures (others)
  A draconian monk (D)
  An iron troll (D)
  A yaktaur (D)
3 creatures vanquished.

Grand Total: 117 creatures vanquished

Notes
Turn   | Place    | Note
-------+----------+-------------------------------------------
     0 | D        | Fang the Gargoyle Berserker began the quest for the Orb.
     0 | D        | Reached XP level 1. HP: 14/14 MP: 1/1
    15 | D        | Killed a purple draconian monk
    19 | D        | Reached skill level 3 in Axes
    19 | D        | Reached XP level 2. HP: 15/20 MP: 2/2
   129 | D        | Killed a yaktaur
   166 | D        | Found a bloodstained altar of Trog.
   166 | D        | Found a deep blue altar of Sif Muna.
   166 | D        | Found a viscous altar of Jiyva.
   166 | D        | Found a hazy altar of Hepliaklqana.
   166 | D        | Found an opulent altar of Gozag.
   167 | D        | Found a glowing golden altar of the Shining One.
   167 | D        | Found a glowing silver altar of Zin.
   167 | D        | Found a basalt altar of Yredelemnul.
   167 | D        | Found a shimmering altar of Xom.
   167 | D        | Found an ornate altar of the Wu Jian Council.
   167 | D        | Found a sacrificial altar of Ru.
   167 | D        | Found a stormy altar of Qazlal.
   167 | D        | Found an iron altar of Okawaru.
   167 | D        | Found a sparkling altar of Nemelex Xobeh.
   167 | D        | Found a burning altar of Makhleb.
   167 | D        | Found a blossoming altar of Fedhas.
   167 | D        | Found a white marble altar of Elyvilon.
   167 | D        | Found a shadowy altar of Dithmenos.
   167 | D        | Found a snail-covered altar of Cheibriados.
   171 | D        | Found a roughly hewn altar of Beogh.
   171 | D        | Found a corrupted altar of Lugonu.
   171 | D        | Found a radiant altar of Vehumet.
   226 | D        | Reached ** piety under Trog
   300 | D        | Reached skill level 4 in Axes
   301 | D        | Noticed a floating eye
   305 | D        | Killed a floating eye
   305 | D        | Reached skill level 6 in Axes
   305 | D        | Reached XP level 3. HP: 28/28 MP: 3/3
   305 | D        | Reached XP level 4. HP: 32/32 MP: 4/4
   305 | D        | Reached XP level 5. HP: 37/37 MP: 5/5
   350 | D        | Noticed an ice beast
   354 | D        | Reached *** piety under Trog
   358 | D        | Killed an ice beast
   358 | D        | Reached skill level 7 in Axes
   358 | D        | Reached XP level 6. HP: 44/44 MP: 6/6
   486 | D        | Noticed a flying skull
   486 | D        | Killed an iron troll
   489 | D        | Reached **** piety under Trog
   493 | D        | Noticed a black bear
   494 | D        | Killed a flying skull
   494 | D        | Reached skill level 8 in Axes
   494 | D        | Reached skill level 5 in Dodging
   502 | D        | Killed a black bear
   502 | D        | Reached skill level 9 in Axes
   502 | D        | Reached XP level 7. HP: 40/52 MP: 7/7
   584 | D        | Reached ***** piety under Trog
   603 | D        | Reached skill level 1 in Stealth
   606 | D        | Received a gift from Trog
   755 | D        | Noticed a spiny frog
   755 | D        | Noticed a troll
   758 | D        | Killed a troll
   758 | D        | Reached skill level 10 in Fighting
   758 | D        | Reached skill level 10 in Axes
   758 | D        | Reached skill level 5 in Armour
   760 | D        | Killed a spiny frog
   760 | D        | Reached XP level 8. HP: 60/60 MP: 8/8
   828 | D        | Got the +1 broad axe of Proximity {holy, rC++ Dex-4}
   894 | D        | Noticed a hellwing
   894 | D        | Noticed an orange demon
   899 | D        | Reached skill level 11 in Axes
   907 | D        | Killed a hellwing
   907 | D        | Received a gift from Trog
   915 | D        | Killed an orange demon
   915 | D        | Reached skill level 12 in Axes
  1186 | D        | Noticed a molten gargoyle
  1197 | D        | Killed a molten gargoyle
  1197 | D        | Reached XP level 9. HP: 65/65 MP: 9/9
  1282 | D        | Received a gift from Trog
  1314 | D        | Noticed a deep elf mage
  1315 | D        | Paralysed by a floating eye for 3 turns
  1322 | D        | Reached skill level 13 in Axes
  1322 | D        | Paralysed by a floating eye for 4 turns
  1334 | D        | Killed a deep elf mage
  1337 | D        | Received a gift from Trog
  1350 | D        | Noticed a death yak
  1490 | D        | Noticed a death yak
  1491 | D        | Noticed a death yak
  1497 | D        | Noticed a death yak
  1499 | D        | Noticed a flayed ghost
  1501 | D        | Reached skill level 14 in Axes
  1502 | D        | Noticed a death yak
  1502 | D        | Reached XP level 10. HP: 72/72 MP: 10/10
  1506 | D        | Noticed a death yak
  1507 | D        | Killed a death yak
  1510 | D        | Killed a flayed ghost
  1512 | D        | Killed a death yak
  1512 | D        | Reached skill level 15 in Axes
  1513 | D        | Killed a death yak
  1513 | D        | Reached ****** piety under Trog
  1513 | D        | Received a gift from Trog
  1515 | D        | Killed a death yak
  1517 | D        | Killed a death yak
  1517 | D        | Reached skill level 16 in Axes
  1523 | D        | Killed a death yak
  1661 | D        | Noticed Gastronok
  1661 | D        | Noticed a spiny frog
  1665 | D        | Reached XP level 11. HP: 79/79 MP: 3/11
  1672 | D        | Reached skill level 10 in Dodging
  1682 | D        | Killed Gastronok
  1682 | D        | Received a gift from Trog
  1682 | D        | Reached skill level 17 in Axes
  1682 | D        | Reached skill level 5 in Stealth
  1860 | D        | Received a gift from Trog
  2123 | D        | Noticed a soul eater
  2123 | D        | Noticed a deep troll
  2123 | D        | Noticed a shadow wraith
  2140 | D        | Killed a shadow wraith
  2147 | D        | Killed a deep troll
  2157 | D        | Reached skill level 15 in Fighting
  2163 | D        | Reached skill level 18 in Axes
  2166 | D        | Received a gift from Trog
  2171 | D        | Killed a soul eater
  2561 | D        | Got the amulet of Waung {*Slow rPois Regen+ Str+4 Int+7}
  2680 | D        | Noticed a storm dragon
  2690 | D        | Killed a storm dragon
  2770 | D        | Reached XP level 12. HP: 88/88 MP: 4/12
  2817 | D        | Noticed a nagaraja
  2832 | D        | Killed a nagaraja
  2832 | D        | Received a gift from Trog
  2876 | D        | Reached skill level 19 in Axes
  2960 | D        | Noticed a great orb of eyes
  2961 | D        | Noticed an orc warlord
  2961 | D        | Noticed an orc warlord
  2973 | D        | Killed a great orb of eyes
  2976 | D        | Killed an orc warlord
  2982 | D        | Received a gift from Trog
  2994 | D        | Killed an orc warlord
  2998 | D        | Received a gift from Trog
  2998 | D        | Reached skill level 20 in Axes
  3100 | D        | Noticed Ignacio
  3109 | D        | HP: 2/136 [Ignacio/executioner's axe of pain (6)]
  3109 | D        | Mangled by Ignacio

Skill      XL: |  1  2  3  4  5  6  7  8  9 10 11 12 |
---------------+-------------------------------------+-----
Fighting       | 4 6 8 9 11 12 13 15 17 | 17.3
Axes           | 3 6 7 9 10 12 14 16 18 20 | 20.1
Dodging        | 3 4 5 6 7 8 9 10 11 | 11.9
Armour         | 3 4 5 6 |  6.5
Stealth        | 2 3 4 6 |  6.9

Action                   |  1- 3 |  4- 6 |  7- 9 | 10-12 || total
-------------------------+-------+-------+-------+-------++-------
Melee: Hand axe          |    25 |    17 |    21 |       ||    63
       Executioner's axe |       |       |    29 |       ||    29
       Broad axe         |       |       |    20 |    35 ||    55
       War axe           |       |       |       |    19 ||    19
       Battleaxe         |       |       |       |    87 ||    87
Invok: Berserk           |     2 |     2 |     7 |     8 ||    19
       Brothers in Arms  |       |       |     3 |    10 ||    13
  Use: Potion            |       |       |     3 |     2 ||     5
 Stab: Distracted        |       |       |       |     2 ||     2
  Eat: Chunk             |       |     1 |     7 |    10 ||    18
       Ration            |       |       |     1 |     2 ||     3
Armor: Animal skin       |    10 |    11 |    44 |    20 ||    85
       Storm dragon scal |       |       |       |    37 ||    37
Dodge: Dodged            |    13 |    11 |    74 |    83 ||   181
